 Dungeon Crawl Stone Soup version 0.29.1-2-gbd0b4ee654 (webtiles) character file.

Game seed: 440715806402170427

264947 BlackCrag2 the Hoplite (level 19, 0/188 HPs)
             Began as a Minotaur Berserker on Nov 8, 2022.
             Was a High Priest of Trog.
             Slain by an azure jelly (5 damage)
             ... on level 3 of the Pits of Slime on Nov 10, 2022.
             The game lasted 04:20:55 (37003 turns).

BlackCrag2 the Hoplite (Minotaur Berserker)        Turns: 37003, Time: 04:20:57

Health: 0/188      AC: 39    Str: 30    XL:     19   Next: 29%
Magic:  0/18       EV: 12    Int: 11    God:    Trog [*****.]
Gold:   3459       SH: 18    Dex: 17    Spells: 18/18 levels left

rFire   . . .      SeeInvis +   F - +6 flail of Trog's Condemnation {flame, Str+3}
rCold   . . .      Faith    .   P - +1 kite shield "Aledd" {rElec Slay+3}
rNeg    . . .      Spirit   .   J - +10 plate armour {ponderous}
rPois   .          Reflect  .   W - +2 hat {Int+3}
rElec   +          Harm     .   m - +2 cloak {Will+}
rCorr   .          Rampage  +   E - +0 pair of gloves {infuse}
Will    ++++.                   H - +2 pair of boots {rampage}
Stlth   ..........              X - amulet of regeneration
HPRegen 2.21/turn               M - +4 ring of slaying
MPRegen 0.16/turn               Z - ring "Ficsil" {Int+4 Dex+6 SInv}

@: strong-willed, regenerating, studying Fighting, slow
A: horns 2, retaliatory headbutt, weak 1
}: 2/15 runes: barnacled, gossamer
a: Renounce Religion, Berserk, Trog's Hand, Brothers in Arms


You were on level 3 of the Pits of Slime.
You worshipped Trog.
Trog was extremely pleased with you.
You visited 7 branches of the dungeon, and saw 35 of its levels.
You also visited: Bailey, Gauntlet and Ice Cave.

You collected 3571 gold pieces.
You spent 112 gold pieces at shops.

Inventory:

Hand Weapons
 t - a +2 longbow of freezing
 F - the +6 flail of Trog's Condemnation (weapon) {flame, Str+3}
   (Trog gifted it to you on level 4 of the Spider Nest)

   It burns those it strikes, dealing additional fire damage.
   Str:       It affects your strength (+3).
 N - a +4 vorpal dire flail
 U - a +6 eveningstar of draining
Missiles
 k - 3 silver boomerangs
 p - 4 javelins (quivered)
 B - 7 curare-tipped darts
Armour
 m - a +2 cloak of willpower (worn)
 E - a +0 pair of gloves of infusion (worn)
 H - a +2 pair of boots of rampaging (worn)
 I - +1 swamp dragon scales
 J - a +10 plate armour of ponderousness (worn)
 P - the +1 kite shield "Aledd" (worn) {rElec Slay+3}
   (You found it on level 14 of the Dungeon)

   Slay:      It affects your accuracy & damage with ranged weapons and melee
   (+3).
   rElec:     It insulates you from electricity.
 R - a +2 tower shield of cold resistance
 W - a +2 hat of intelligence (worn)
Jewellery
 a - a ring of protection from fire
 u - the ring of Roduteo {rC+ rN+++ Will+ AC+4 Slay-6}
   (You found it on level 4 of the Shoals)

   [ring of protection]

   AC:        It affects your AC (+4).
   Slay:      It affects your accuracy & damage with ranged weapons and melee
   (-6).
   rC:        It protects you from cold.
   rN:        It renders you almost immune to negative energy.
   Will:      It increases your willpower.
 M - a +4 ring of slaying (left hand)
 X - an amulet of regeneration (around neck)
 Z - the ring "Ficsil" (right hand) {Int+4 Dex+6 SInv}
   (You found it on level 15 of the Dungeon)

   [ring of dexterity]

   Int:       It affects your intelligence (+4).
   Dex:       It affects your dexterity (+6).
   SInv:      It lets you see invisible.
Wands
 e - a wand of flame (19)
 r - a wand of light (4)
 v - a wand of mindburst (6)
 x - a wand of iceblast (16)
 T - a wand of digging (8)
Scrolls
 c - 20 scrolls of teleportation
 d - 13 scrolls of identify
 f - 5 scrolls of poison
 h - 3 scrolls of magic mapping
 j - 4 scrolls of fog
 l - a scroll of blinking
 n - 6 scrolls of enchant weapon
 y - 7 scrolls of fear
 z - 3 scrolls of torment
 A - 2 scrolls of silence
 D - 8 scrolls of immolation
 L - a scroll of summoning
Potions
 b - 4 potions of might
 g - 4 potions of curing
 i - 8 potions of cancellation
 q - 10 potions of haste
 s - 2 potions of flight
 w - 5 potions of resistance
 C - 6 potions of heal wounds
 O - 3 potions of mutation
 S - 2 potions of invisibility
Miscellaneous
 G - a phantom mirror
 K - a box of beasts


   Skills:
 + Level 20.9 Fighting
 + Level 4.9(14.8) Axes
 + Level 21.3(21.5) Maces & Flails
 + Level 2.3 Ranged Weapons
 + Level 5.0 Throwing
 + Level 18.0 Armour
 + Level 7.7 Dodging
 + Level 4.8 Stealth
 + Level 23.4 Shields
 + Level 0.7 Unarmed Combat
 + Level 4.1 Evocations


You had 18 spell levels left.
You didn't know any spells.
Your spell library was empty.

Dungeon Overview and Level Annotations

Branches:
Dungeon (15/15)            Temple (1/1) D:5            Lair (5/5) D:10
 Shoals (4/4) Lair:2       Spider (4/4) Lair:3        Slime (4/5) Lair:4
    Orc (2/2) D:11            Elf (0/3) Orc:2        Vaults (0/5) D:14
 Depths (0/4) D:15         Bailey (visited)           IceCv (visited)
Gauntlet (visited)

Altars:
Ashenzari
Cheibriados
Fedhas
Gozag
Hepliaklqana
Kikubaaqudgha
Makhleb
Okawaru
Qazlal
Trog
Vehumet
Wu Jian
Yredelemnul
Zin

Shops:
D:2 (!   D:3 *   D:4 :   Orc:1 [   Orc:2 *?((

Portals:
Abyss: Lair:2

Annotations:
Shoals:1 1 runed translucent door


Innate Abilities, Weirdness & Mutations

You have a pair of horns on your head.
You reflexively headbutt those who attack you in melee.
You are weak. (Str -2)


Message History

You hit the rockslime but do no damage. You headbutt the rockslime.
The rockslime is heavily wounded.
You block the rockslime's attack.
You hit the rockslime but do no damage.
The rockslime is heavily wounded.
You block the azure jelly's attack. x2
The azure jelly hits you but does no damage. x2
The large slime creature hits you but does no damage.
The rockslime closely misses you.
Your troll goes berserk!
You block the azure jelly's attack. The azure jelly hits you.
The azure jelly freezes you!!!
* * * LOW HITPOINT WARNING * * *
The azure jelly closely misses you. You block the azure jelly's attack.
You block the large slime creature's attack.
The rockslime hits you!!
* * * LOW HITPOINT WARNING * * *
You stumble backwards!
You feel much better.
You are splashed with acid!!
* * * LOW HITPOINT WARNING * * *
The azure jelly hits you but does no damage.
You block the azure jelly's attack. The azure jelly closely misses you.
The azure jelly hits you but does no damage.
The walls burn your troll!
Your troll bites the rockslime but does no damage.
Your troll claws the rockslime but does no damage.
Your troll claws the rockslime!!
A large slime creature splits.
The rockslime hits your troll.
Your troll holds its ground!
You block the azure jelly's attack.
The azure jelly hits you but does no damage.
The azure jelly misses you. The azure jelly hits you.
* * * LOW HITPOINT WARNING * * *
You feel much better.
You are splashed with acid!!
* * * LOW HITPOINT WARNING * * *
The walls burn your troll!
Your troll bites the rockslime!
The rockslime dies!
Trog accepts your kill.
The azure jelly hits you but does no damage. x3
The azure jelly hits you.
You die...

.....#.#
.......# #.
......# ...
.....#
....##....#
....#⌠....#
.......J..#
.......>J.#
....#...J@#
.......T.⌠#
#.##.######
##


You could see an azure jelly, 2 slime creatures and a friendly troll (summoned,
berserk).

Vanquished Creatures
  3 acid blobs
  Asterion (Spider:2)
  Kirke (Shoals:4)
  2 azure jellies
  A tengu reaver (D:14)
  Ilsuiw (Shoals:2)
  A shadow dragon (D:14)
  2 fire giants
  A rockslime (Slime:2)
  A frost giant (IceCv)
  5 ghost moths
  6 emperor scorpions
  The ghost of Bolleh the Thaumaturge, a journeyman GnSk of Makhleb (Spider:2)
  2 orc warlords
  6 broodmothers
  A quicksilver ooze (Slime:2)
  A deep elf annihilator (D:14)
  A vampire knight (D:14)
  7 spark wasps
  6 entropy weavers
  A minotaur (Gauntlet)
  Azrael (D:13)
  2 merfolk javelineers (Shoals:4)
  Snorg (D:13)
  10 merfolk impalers
  An ettin (D:14)
  Josephine (D:11)
  The ghost of yogakurto the Slicer, a journeyman NaBe of Trog (Orc:1)
  A yaktaur captain (D:14)
  2 rakshasas
  4 jorogumos
  13 hydras
  15 boulder beetles
  A radroach (Spider:3)
  4 vault guards (D:14)
  Erolcha (D:10)
  6 centaur warriors
  2 ogre magi
  The ghost of BlackCrag2 the Thaumaturge, a journeyman DEEE of Vehumet (Lair:2)
  A death knight (D:14)
  12 two-headed ogres
  2 merfolk aquamancers
  11 tengu warriors
  2 merfolk avatars
  A death scarab (Spider:2)
  5 satyrs
  20 death yaks
  A thrashing horror (Lair:2)
  Urug (D:13)
  3 orc high priests
  Sonja (D:12)
  A shadow wraith (D:12)
  4 pharaoh ants
  A skeletal warrior (D:14)
  7 sea snakes
  6 steelbarb worms
  2 sun moths (Spider:3)
  A flayed ghost (D:14)
  A swamp dragon (Orc:2)
  2 glowing orange brains (Gauntlet)
  10 orb spiders
  3 orc knights (Orc:2)
  12 harpies
  3 lindwurms (Lair:4)
  4 deep elf pyromancers (D:14)
  14 ugly things
  26 fauns
  15 wolf spiders
  8 manticores
  8 cyclopes
  3 orc sorcerers
  An elephant (shapeshifter) (D:14)
  An elephant (Lair:4)
  A guardian serpent (shapeshifter) (D:15)
  7 merfolk sirens
  5 moths of wrath
  An ice statue (IceCv)
  4 black mambas
  2 centaur zombies (D:8)
  3 water nymphs
  6 torpor snails
  A rust devil (Gauntlet)
  4 centaur skeletons (D:8)
  13 cane toads
  An unseen horror (D:10)
  2 gargoyles
  7 demonic crawlers
  An ice devil (Lair:2)
  3 minotaur zombies (Gauntlet)
  2 efreet
  6 komodo dragons
  4 freezing wraiths
  9 rime drakes
  2 tengu conjurers (D:14)
  2 hellwings (D:8)
  10 trolls
  16 merfolk
  A meliai (Spider:4)
  5 wind drakes
  13 polar bears
  8 hornets
  18 tarantellas
  A wolf spider simulacrum (D:15)
  29 slime creatures
  10 blink frogs
  3 dream sheep
  7 snapping turtles
  25 jumping spiders
  7 centaur simulacra
  17 spriggans
  A shadow (D:12)
  A ynoxinul (Gauntlet)
  4 wyverns
  29 culicivoras
  Sigmund (D:2)
  2 vampires
  10 water elementals
  5 fire elementals (D:13)
  A hog (Shoals:4)
  5 wraiths
  Eustachio (D:6)
  6 basilisks
  43 yaks
  6 golden eyes
  A steam dragon (D:9)
  59 redbacks
  9 vampire mosquitoes
  4 wargs
  Menkaure (D:5)
  16 water moccasins
  An acid dragon (D:14)
  3 hell hounds (D:13)
  2 large abominations (Lair:2)
  38 orc warriors
  7 ice beasts
  8 black bears
  7 ogres
  5 centaurs
  52 wolves
  4 boggarts (Lair:5)
  An elf zombie (D:4)
  7 kobold brigands
  3 phantoms
  13 bullfrogs
  4 gnoll sergeants
  2 scorpions
  A necrophage (D:8)
  4 earth elementals (D:14)
  An elf skeleton (D:4)
  17 killer bees
  5 electric eels
  2 howler monkeys
  7 vampire bats (Bailey)
  9 wolf zombies (Bailey)
  A human zombie (D:4)
  3 jellies
  2 gnoll boudas
  6 hounds
  29 orc priests
  2 human skeletons (D:4)
  3 iron imps (Gauntlet)
  6 iguanas
  21 orc wizards
  13 gnolls
  5 adders
  4 shadow imps
  20 white imps
  6 ufetubi
  2 dart slugs
  100 orcs
  4 ball pythons
  7 endoplasms
  A giant cockroach (D:3)
  7 goblins
  8 hobgoblins
  7 jackals
  4 quokkas
  4 bats
  2 frilled lizards
  24 kobolds
  An orc skeleton (D:4)
  23 orc zombies (Bailey)
  2 rats (D:2)
1292 creatures vanquished.

Vanquished Creatures (collateral kills)
  A rockslime (Slime:3)
  A merfolk javelineer (Shoals:2)
  2 hydras
  A boulder beetle (Lair:4)
  A catoblepas (Lair:4)
  A death yak (Lair:5)
  2 orc knights (Orc:2)
  2 orc sorcerers (Orc:2)
  A wolf spider (Spider:3)
  2 merfolk sirens (Shoals:2)
  A cane toad (Lair:3)
  A merfolk (Shoals:2)
  3 blink frogs (Lair:3)
  A jumping spider (Spider:3)
  4 yaks (Lair:3)
  A water moccasin (Lair:3)
  2 black bears (D:10)
  A wolf (Lair:5)
  A bullfrog (D:10)
  2 orc wizards (D:10)
  An orc (D:10)
32 creatures vanquished.

Vanquished Creatures (others)
  A necromancer (Gauntlet)
  A slime creature (D:14)
  A water elemental (Shoals:2)
  A human (Shoals:4)
  An orc wizard (Orc:1)
  A white imp (D:12)
  4 orcs
  38 fungi
  184 plants
  2 withered plants (D:8)
234 creatures vanquished.

Grand Total: 1558 creatures vanquished

Notes
Turn   | Place    | Note
-------+----------+-------------------------------------------
     0 | D:1      | BlackCrag2 the Minotaur Berserker began the quest for the
                  | Orb.
     0 | D:1      | Reached XP level 1. HP: 19/19 MP: 0/0
   291 | D:1      | Reached XP level 2. HP: 27/27 MP: 1/1
   902 | D:2      | Found Leazinleimu's Distillery.
   912 | D:2      | Bought a potion of curing for 33 gold pieces
   912 | D:2      | Bought a potion of might for 44 gold pieces
   955 | D:2      | Bought a potion of degeneration for 11 gold pieces
   980 | D:2      | Noticed Sigmund
  1035 | D:2      | Killed Sigmund
  1036 | D:2      | Reached skill level 5 in Maces & Flails
  1036 | D:2      | Reached XP level 3. HP: 22/35 MP: 2/2
  1036 | D:2      | Reached XP level 4. HP: 26/41 MP: 3/3
  1036 | D:2      | Reached XP level 5. HP: 30/47 MP: 4/4
  1342 | D:2      | Found Raele's Weapon Boutique.
  1684 | D:3      | Found Pyxer's General Store.
  1702 | D:3      | Bought a scroll of identify for 24 gold pieces
  2127 | D:3      | Found an iron altar of Okawaru.
  2230 | D:3      | Found a faded altar of an unknown god.
  2502 | D:4      | Reached skill level 5 in Fighting
  2625 | D:4      | Reached XP level 6. HP: 30/56 MP: 5/5
  2647 | D:4      | Reached ** piety under Trog
  2766 | D:4      | Found a burning altar of Makhleb.
  2766 | D:4      | Noticed a balrug
  2920 | D:4      | Reached skill level 1 in Shields
  3111 | D:4      | Noticed an ice beast
  3127 | D:4      | Killed an ice beast
  3128 | D:4      | Reached XP level 7. HP: 37/61 MP: 6/6
  3344 | D:4      | Found Liumefaot's Book Boutique.
  3458 | D:4      | Reached skill level 2 in Shields
  3690 | D:4      | Noticed a ynoxinul
  3690 | D:4      | Noticed a hellwing
  3932 | D:5      | Entered Level 5 of the Dungeon
  3958 | D:5      | Reached skill level 3 in Shields
  3965 | D:5      | Reached XP level 8. HP: 64/70 MP: 7/7
  4299 | D:5      | Reached *** piety under Trog
  4360 | D:5      | Noticed Menkaure
  4376 | D:5      | Killed Menkaure
  4377 | D:5      | Reached skill level 5 in Armour
  4778 | D:5      | Found a staircase to the Ecumenical Temple.
  4783 | Temple   | Entered the Ecumenical Temple
  4809 | D:5      | Reached skill level 10 in Maces & Flails
  4902 | D:5      | Found a glowing silver altar of Zin.
  5231 | D:6      | Noticed Eustachio
  5254 | D:6      | Killed Eustachio
  5255 | D:6      | Reached skill level 1 in Throwing
  5255 | D:6      | Reached XP level 9. HP: 79/79 MP: 8/8
  5478 | D:6      | Reached skill level 1 in Axes
  5956 | D:6      | Found a hazy altar of Hepliaklqana.
  6980 | D:7      | Found a blossoming altar of Fedhas.
  7054 | D:8      | Identified the +0 robe of the Invisible Hand {Rampage rC+
                  | Will+}
  7164 | D:8      | Reached skill level 1 in Stealth
  7164 | D:8      | Reached skill level 4 in Shields
  7207 | D:8      | Noticed a hellwing
  7208 | D:8      | Noticed a hellwing
  7222 | D:8      | Killed a hellwing
  7245 | D:8      | Killed a hellwing
  7257 | D:8      | Reached skill level 5 in Dodging
  7257 | D:8      | Reached XP level 10. HP: 49/90 MP: 9/9
  7259 | D:8      | Reached skill level 5 in Shields
  7262 | D:8      | Reached skill level 1 in Evocations
  7831 | D:8      | Found a broken altar of Ashenzari.
  7974 | D:8      | Reached **** piety under Trog
  8087 | D:8      | Reached skill level 6 in Shields
  8545 | D:9      | Noticed a two-headed ogre
  8554 | D:9      | Killed a two-headed ogre
  8670 | D:9      | Reached skill level 1 in Ranged Weapons
  8849 | D:9      | Found a stormy altar of Qazlal.
  9056 | D:9      | Noticed a cyclops
  9062 | D:9      | Killed a cyclops
  9588 | D:9      | Reached XP level 11. HP: 97/97 MP: 10/10
  9631 | D:10     | Entered Level 10 of the Dungeon
  9673 | D:10     | Found a flagged portal.
  9722 | Bailey   | Entered a bailey
 10487 | D:10     | Noticed Erolcha
 10512 | D:10     | Killed Erolcha
 10513 | D:10     | Reached skill level 10 in Fighting
 10513 | D:10     | Found a staircase to the Lair.
 10707 | D:10     | Found a snail-covered altar of Cheibriados.
 10717 | Lair:1   | Entered Level 1 of the Lair of Beasts
 10740 | Lair:1   | Reached skill level 10 in Armour
 11198 | Lair:1   | Reached skill level 7 in Shields
 11535 | Lair:2   | Reached ***** piety under Trog
 11724 | Lair:2   | Reached skill level 8 in Shields
 11879 | Lair:2   | Reached XP level 12. HP: 97/107 MP: 11/11
 12029 | Lair:2   | Found a transporter.
 12032 | Lair:2   | Found a one-way gate to the infinite horrors of the Abyss.
 12032 | Lair:2   | Noticed BlackCrag2's ghost (journeyman DEEE)
 12070 | Lair:2   | Found a staircase to the Shoals.
 12259 | Lair:2   | Found a transporter.
 12562 | Lair:3   | Found a hole to the Spider Nest.
 12704 | Lair:3   | Noticed a six-headed hydra
 12711 | Lair:3   | Killed a six-headed hydra
 12739 | Lair:3   | Noticed a boulder beetle
 13091 | Lair:2   | Killed a boulder beetle
 13368 | Lair:3   | Noticed a seven-headed hydra
 13377 | Lair:3   | Killed a seven-headed hydra
 13378 | Lair:3   | Reached skill level 9 in Shields
 13476 | Lair:3   | Noticed an eight-headed hydra
 13488 | Lair:3   | Killed an eight-headed hydra
 13620 | Lair:3   | Noticed a four-headed hydra
 13627 | Lair:3   | Killed a four-headed hydra
 14151 | Lair:3   | Noticed a four-headed hydra
 14157 | Lair:3   | Killed a four-headed hydra
 14809 | Lair:4   | Noticed a catoblepas
 14809 | Lair:4   | Noticed a five-headed hydra
 14809 | Lair:4   | Noticed a six-headed hydra
 14809 | Lair:4   | Noticed a seven-headed hydra
 14809 | Lair:4   | Noticed an eight-headed hydra
 14809 | Lair:4   | Noticed a boulder beetle
 14822 | Lair:4   | Killed a boulder beetle
 14827 | Lair:4   | Killed a seven-headed hydra
 14828 | Lair:4   | Reached skill level 10 in Shields
 14828 | Lair:4   | Reached XP level 13. HP: 109/118 MP: 12/12
 14845 | Lair:4   | Reached skill level 15 in Maces & Flails
 15129 | Lair:4   | Found the +4 moon troll leather armour {Spirit, Regen++
                  | MP+5}
 15769 | Lair:4   | Found a staircase to the Slime Pits.
 16228 | Lair:5   | Entered Level 5 of the Lair of Beasts
 16331 | Lair:5   | Reached skill level 11 in Shields
 17241 | Lair:5   | Received a gift from Trog
 17291 | Lair:5   | Reached XP level 14. HP: 111/129 MP: 13/13
 17297 | Lair:5   | Reached skill level 12 in Shields
 18821 | D:11     | Found a frozen archway.
 18850 | IceCv    | Entered an ice cave
 18859 | IceCv    | Reached skill level 13 in Shields
 19204 | IceCv    | Noticed a frost giant
 19228 | IceCv    | Killed a frost giant
 19947 | D:11     | Found a staircase to the Orcish Mines.
 20748 | D:11     | Reached skill level 14 in Shields
 20782 | D:11     | Reached skill level 15 in Armour
 20985 | Orc:1    | Entered Level 1 of the Orcish Mines
 20985 | Orc:1    | Noticed Josephine
 21027 | D:11     | Killed Josephine
 21370 | Orc:1    | Found Moschearph's Antique Armour Emporium.
 21434 | Orc:1    | Reached XP level 15. HP: 131/135 MP: 14/14
 21453 | Orc:1    | Found a transporter.
 21461 | Orc:1    | Noticed an orc warlord
 21547 | Orc:1    | Found a transporter.
 21786 | Orc:1    | Found a runed translucent gate.
 21786 | Orc:1    | Found a runed translucent gate.
 21786 | Orc:1    | Found a runed translucent gate.
 21790 | Orc:1    | Noticed yogakurto's ghost (journeyman NaBe)
 22075 | Orc:1    | Killed yogakurto's ghost
 22221 | Orc:1    | Killed an orc warlord
 22253 | Orc:1    | Reached skill level 15 in Fighting
 22355 | Orc:2    | Entered Level 2 of the Orcish Mines
 22585 | Orc:2    | Found Riompeh's Weapon Shoppe.
 22642 | Orc:2    | Reached skill level 15 in Shields
 22962 | Orc:2    | Found Qasikiom's Magic Scroll Boutique.
 22969 | Orc:2    | Found Ysoobom's General Store.
 22971 | Orc:2    | Found Ciate's Antique Weapon Shoppe.
 23151 | Orc:2    | Found a staircase to the Elven Halls.
 23197 | Orc:2    | Received a gift from Trog
 23514 | Orc:2    | Noticed an orc warlord
 23527 | Orc:2    | Killed an orc warlord
 24046 | D:12     | Reached skill level 16 in Shields
 24103 | D:12     | Noticed Sonja
 24115 | D:12     | Killed Sonja
 24592 | D:12     | Reached ****** piety under Trog
 24769 | D:12     | Received a gift from Trog
 25674 | D:13     | Noticed Azrael
 25694 | D:13     | Killed Azrael
 25849 | D:13     | Noticed Snorg
 25861 | D:13     | Killed Snorg
 26081 | D:13     | Noticed Urug
 26099 | D:13     | Killed Urug
 26375 | D:14     | Found a gate to the Vaults.
 26390 | D:14     | Reached XP level 16. HP: 150/151 MP: 15/15
 26400 | D:14     | Reached skill level 17 in Shields
 26435 | D:14     | Found a gate leading to a gauntlet.
 26441 | Gauntlet | Entered a Gauntlet
 26441 | Gauntlet | Found a transporter.
 26441 | Gauntlet | Found a transporter.
 26447 | Gauntlet | Found a transporter.
 26448 | Gauntlet | Found a transporter.
 26459 | Gauntlet | Found a transporter.
 26461 | Gauntlet | Found a transporter.
 26474 | Gauntlet | Found a transporter.
 26480 | Gauntlet | Found a transporter.
 26574 | Gauntlet | Found a transporter.
 26576 | Gauntlet | Found a transporter.
 26584 | Gauntlet | Found a transporter.
 26588 | Gauntlet | Found a transporter.
 27018 | Gauntlet | Identified the amulet "Xanuunin" {Spirit Dex+3}
 27300 | D:14     | Reached skill level 18 in Shields
 27732 | D:14     | Noticed a shadow dragon
 27750 | D:14     | Killed a shadow dragon
 27750 | D:14     | Received a gift from Trog
 27765 | D:14     | Identified the +1 kite shield "Aledd" {rElec Slay+3}
 28091 | D:14     | Found a radiant altar of Vehumet.
 28286 | D:14     | Noticed a tengu reaver
 28320 | D:14     | Killed a tengu reaver
 28808 | D:15     | Entered Level 15 of the Dungeon
 28824 | D:15     | Found a staircase to the Depths.
 28896 | D:15     | Reached skill level 19 in Shields
 29162 | D:15     | Identified the ring "Ficsil" {Int+4 Dex+6 SInv}
 29193 | D:15     | Reached XP level 17. HP: 145/163 MP: 16/16
 29848 | Lair:2   | Killed BlackCrag2's ghost
 29957 | Shoals:1 | Entered Level 1 of the Shoals
 30114 | Shoals:1 | Found a runed translucent door.
 30537 | Shoals:2 | Noticed Ilsuiw
 30552 | Shoals:2 | Killed Ilsuiw
 30682 | Shoals:2 | Reached skill level 20 in Shields
 31048 | Shoals:3 | Identified the +1 short sword of the Original Sin {drain,
                  | rC- Str+3 Int+5}
 31130 | Shoals:4 | Entered Level 4 of the Shoals
 31138 | Shoals:4 | Received a gift from Trog
 31627 | Shoals:4 | Reached skill level 21 in Shields
 31740 | Shoals:4 | Identified the amulet of Sunlight {Contam rC+ Regen+ Int+7
                  | Dex-3}
 31744 | Shoals:4 | Identified the ring of Roduteo {rC+ rN+++ Will+ AC+4
                  | Slay-6}
 31794 | Shoals:4 | Gained mutation: You are weak. (Str -2) [mutagenic glow]
 31865 | Shoals:4 | Noticed Kirke
 31886 | Shoals:4 | Killed Kirke
 31928 | Shoals:4 | Received a gift from Trog
 32399 | Shoals:4 | Got a barnacled rune of Zot
 32741 | Spider:1 | Entered Level 1 of the Spider Nest
 32743 | Spider:1 | Identified the +4 robe of the Soldier {Str+4 Int+3}
 32807 | Spider:1 | Reached XP level 18. HP: 176/176 MP: 17/17
 33257 | Spider:1 | Identified the +6 quarterstaff of Disarray {vorpal, rElec}
                  | (Trog gifted it to you on level 1 of the Spider Nest)
 33257 | Spider:1 | Received a gift from Trog
 33907 | Spider:2 | Reached skill level 5 in Throwing
 33914 | Spider:2 | Noticed Asterion
 33938 | Spider:2 | Killed Asterion
 34004 | Spider:2 | Reached skill level 22 in Shields
 34241 | Spider:2 | You fall into a shaft and drop 1 floor!
 34272 | Spider:3 | Received a gift from Trog
 34378 | Spider:3 | Found the +5 robe of Misfortune {Harm *Corrode *Slow EV+5}
 35088 | Spider:4 | Entered Level 4 of the Spider Nest
 35849 | Spider:4 | Identified the +6 flail of Trog's Condemnation {flame,
                  | Str+3} (Trog gifted it to you on level 4 of the Spider
                  | Nest)
 35849 | Spider:4 | Received a gift from Trog
 35990 | Spider:4 | Reached XP level 19. HP: 141/187 MP: 0/18
 36032 | Spider:4 | Reached skill level 23 in Shields
 36282 | Spider:4 | Got a gossamer rune of Zot
 36382 | Spider:2 | Noticed Bolleh's ghost (journeyman GnSk)
 36385 | Spider:2 | Identified a scroll of acquirement
 36397 | Spider:2 | Found a transporter.
 36400 | Spider:2 | Found a transporter.
 36465 | Spider:2 | Killed Bolleh's ghost
 36592 | Spider:2 | Identified the +1 leather armour "Amed" {+Blink rC+ Dex-5}
 36719 | Slime:1  | Entered Level 1 of the Pits of Slime
 36720 | Slime:1  | Acquired a manual of Fighting
 37001 | Slime:3  | HP: 3/188 [rockslime (24)]
 37003 | Slime:3  | Slain by an azure jelly

Illustrated notes

Levels and vault maps discovered:
D:1:      lightli_arrival_maybe_door_vault, layout_loops_cross
D:2:      layout_loops_ring, serial_shops, shop, nicolae_diamond_shop,
          solitary_fountain, uniq_sigmund
D:3:      layout_basic, kennysheep_okawaru_gauntlet, serial_shops, shop,
          ebering_ecumenical_altar_abandoned, st_stairs_3,
          kennysheep_generic_room_12
D:4:      wad_river_or_something, layout_basic, makhleb_altar_promises_db,
          nicolae_ossuary_entry_catacombs, serial_shops, shop
D:5:      layout_cave_pools, zin_scriptorium, temple_doors_e,
          grunt_ministairs_13, minivault_1, grunt_decor_junction, uniq_menkaure
D:6:      layout_gridville, lemuel_coloured_pillars_altar, uniq_eustachio
D:7:      layout_basic, fedhas_altar_4, minivault_14,
          minmay_misc_feat_secret_circle
D:8:      cheibrodos_grave_circle, layout_loops_corners, ashenzari_altar_1
D:9:      layout_long_grid, mainiacjoe_overflow_paths
D:10:     layout_big_octagon, mainiacjoe_overflow_boulevard, marbit_many_paths,
          due_lair_maze_entry_diamond, enter_bailey_4, uniq_erolcha
D:11:     layout_roguey, kennysheep_orc_monster_closet_entryway,
          portal_ice_cave_entry_imps, minmay_hedge_maze
D:12:     layout_loops_ring, serial_ice, serial_ice_n, serial_ice_j,
          serial_ice_d, serial_ice_g, serial_ice_b, serial_ice_o, serial_ice_h,
          serial_ice_f, minmay_misc_feat_x, kennysheep_kite_vault, uniq_sonja
D:13:     layout_roguey [special_room_orc], minmay_misc_feat_rugged, uniq_urug,
          uniq_snorg, uniq_azrael
D:14:     minmay_stone_box, layout_gridville, lightli_vaults_fourway_checkpoint,
          gauntlet_entry_generic, nicolae_vehumet_altar_sigil,
          nicolae_rejected_hall
D:15:     grunt_enter_depths_giant_problem, layout_cave_pools, abandoned_shop
Temple:   cyrus_circular_temple
Lair:1:   layout_gridlike, chequers_serial_rivers_room_b, grunt_megastairs_4
Lair:2:   layout_regular_city, minmay_shoals_entry_hut,
          gammafunk_ghost_abyssal_escape
Lair:3:   layout_hall_layers, spider_nest_entry_web_field,
          minmay_shattered_shrine
Lair:4:   nzn_winding_woodlands_large [nzn_winding_woodlands_5x5_perimeter,
          nzn_winding_woodlands_5x15_pool,
          nzn_winding_woodlands_5x5_checkerboard,
          nzn_winding_woodlands_center_lodge,
          nzn_winding_woodlands_15x15_killbox,
          nzn_winding_woodlands_center_diamonds,
          nzn_winding_woodlands_5x5_open_star,
          nzn_winding_woodlands_5x15_longhouse,
          nzn_winding_woodlands_hourglass], layout_regular_city,
          minmay_slime_entry_pillars, nicolae_lair_lindhole
Lair:5:   minmay_lair_end_enchanted_forest, layout_hall_layers
Shoals:1: layout_shoals, lightli_airlock
Shoals:2: layout_shoals, nicolae_shoals_water_elemental_grotto, uniq_ilsuiw
Shoals:3: layout_shoals, nicolae_shoals_lost_giant_amphitheater
Shoals:4: shoals_end_grunt_garden, layout_shoals, uniq_kirke
Spider:1: layout_spider_delve, nicolae_spider_webbed_stairs
Spider:2: layout_spider_delve, gammafunk_ghost_arena, uniq_asterion
Spider:3: layout_spider_delve, spiders_nest_hornet_nest
Spider:4: grunt_spider_rune_island
Slime:1:  layout_caves
Slime:2:  layout_caves
Slime:3:  cheibrodos_slime_lost_civilization_8, layout_caves
Slime:4:  layout_caves
Orc:1:    gammafunk_beogh_shrine, layout_diamond_mine, gammafunk_ghost_split,
          serial_shops, shop, mines2_david, uniq_josephine
Orc:2:    st_orc_elflike, layout_diamond_mine

Skill      XL: |  1  2  3  4  5  6  7  8  9 10 11 12 13 14 15 16 17 18 19 |
---------------+----------------------------------------------------------+-----
Maces & Flails | 4 5 7 8 10 12 14 15 16 17 18 20 21 | 21.3
Fighting       | 4 5 6 7 8 9 10 12 13 14 16 18 19 20 | 20.9
Armour         | 3 4 5 7 9 10 13 14 15 16 17 18 | 18.0
Dodging        | 3 4 5 6 7 |  7.7
Shields        | 1 3 4 6 8 10 11 14 16 19 21 22 23 | 23.4
Throwing       | 1 2 3 4 5 |  5.0
Axes           | 4 |  4.9
Stealth        | 1 4 |  4.8
Evocations     | 1 2 3 4 |  4.1
Ranged Weapons | 2 |  2.3
Unarmed Combat | |  0.7

Action                   |  1- 3 |  4- 6 |  7- 9 | 10-12 | 13-15 | 16-18 | 19-21 || total
-------------------------+-------+-------+-------+-------+-------+-------+-------++-------
Melee: Mace              |    48 |    67 |       |       |       |       |       ||   115
       Headbutt          |     4 |    12 |    48 |   168 |   411 |   374 |    49 ||  1066
       Unarmed           |    12 |     2 |       |       |       |     4 |       ||    18
       Flail             |       |    63 |   250 |   680 |  1363 |    46 |   160 ||  2562
       Punch             |       |     1 |       |     2 |       |       |       ||     3
       Broad axe         |       |       |    53 |       |       |       |       ||    53
       Battleaxe         |       |       |       |       |     5 |       |       ||     5
       Dire flail        |       |       |       |       |   207 |       |       ||   207
       Eveningstar       |       |       |       |       |    31 |  1302 |       ||  1333
 Fire: Shortbow          |       |       |       |    16 |     6 |       |       ||    22
Throw: Dart              |       |       |    20 |       |    26 |    33 |       ||    79
       Throwing net      |       |       |     1 |       |       |       |       ||     1
       Javelin           |       |       |       |       |       |    14 |       ||    14
Invok: Berserk           |       |     1 |     5 |    10 |     7 |     3 |       ||    26
       Trog's Hand       |       |     1 |     6 |     4 |    17 |    16 |     3 ||    47
       Brothers in Arms  |       |       |       |     5 |     3 |     2 |     2 ||    12
Evoke: Wand              |       |       |     8 |    14 |    28 |     9 |     4 ||    63
  Use: Scroll            |       |     4 |     9 |     8 |    10 |     7 |     3 ||    41
       Potion            |       |       |     1 |     2 |     8 |     8 |     3 ||    22
 Stab: Petrified         |       |       |       |    10 |     2 |       |       ||    12
       Petrifying        |       |       |       |       |     3 |       |       ||     3
       Distracted        |       |       |       |       |       |     2 |     1 ||     3
Armor: Animal skin       |     8 |       |       |       |       |       |       ||     8
       Skin              |     5 |       |       |       |       |       |       ||     5
       Ring mail         |     3 |     9 |       |       |       |       |       ||    12
       Chain mail        |       |    56 |   147 |   146 |       |       |       ||   349
       Plate armour      |       |       |       |   316 |   733 |   782 |   133 ||  1964
Dodge: Dodged            |    41 |    46 |    76 |   248 |   358 |   426 |    81 ||  1276
Block: Kite shield       |       |    38 |   118 |   289 |   311 |   966 |   181 ||  1903
       Tower shield      |       |       |       |       |   541 |   180 |       ||   721
